 Dungeon Crawl Stone Soup version 0.19.5 (webtiles) character file.

1813 pierduck the Transmogrifier (level 8, -2/59 HPs)
             Began as a Black Draconian Transmuter on Jan 11, 2018.
             Was a Believer of Dithmenos.
             Slain by a bullfrog (3 damage)
             ... on level 7 of the Dungeon.
             The game lasted 00:22:57 (8471 turns).

pierduck the Transmogrifier (DrTm)                  Turns: 8471, Time: 00:22:58

Health: -2/59      AC:  2    Str: 13    XL:     8   Next: 84%
Magic:  5/9        EV: 19    Int: 17    God:    Dithmenos [**....]
Gold:   383        SH:  0    Dex: 17    Spells: 3 memorised, 2 levels left

rFire  . . .     SeeInvis .       - Unarmed
rCold  + . .     Gourm    .     (armour unavailable)
rNeg   . . .     Faith    .     (shield currently unavailable)
rPois  x         Spirit   .     (helmet currently unavailable)
rElec  .         Reflect  .     (cloak currently unavailable)
rCorr  .         Harm     .     (gloves currently unavailable)
MR     +....                    (boots currently unavailable)
Stlth  ++........               (no amulet)
                                K - ring of protection from cold
                                E - ring of protection from magic

@: spider-form (expiring), hasted, wreathed by umbra, very quick
A: (breathe lightning), unfitting armour, clever 1, low mp 1, (electricity
resistance), slow regeneration 1, wild magic 1, (cold-blooded), MP-powered
wands, AC +6
a: End Transformation, Shadow Step, Renounce Religion


You were on level 7 of the Dungeon.
You worshipped Dithmenos.
Dithmenos was pleased with you.
You were hungry.
You were a venomous arachnid creature.
You visited 1 branch of the dungeon, and saw 7 of its levels.

You collected 383 gold pieces.

Inventory:

Hand Weapons
 v - a +2 dagger of venom (melded)
Missiles
 a - 114 arrows
 r - 12 tomahawks (quivered)
Jewellery
 q - an uncursed ring of ice
 x - an uncursed ring of flight
 E - a ring of protection from magic (left front leg)
 H - an uncursed ring of protection from magic
 K - a ring of protection from cold (right front leg)
Wands
 G - a wand of digging (13/24)
Scrolls
 e - a scroll of identify
 g - 2 scrolls of enchant weapon
 j - a scroll of teleportation {unknown}
 k - 2 scrolls of remove curse
 n - 2 scrolls of enchant armour {unknown}
 s - a scroll of fear {unknown}
 t - 4 scrolls of recharging
 u - 2 scrolls of amnesia
 D - a scroll of noise {unknown}
 F - a scroll of random uselessness {unknown}
Potions
 d - 2 potions of degeneration {unknown}
 i - 2 potions of lignification {unknown}
 l - a potion of might {unknown}
 m - a potion of brilliance {unknown}
 o - 2 potions of flight {unknown}
 p - a potion of curing {unknown}
 w - a potion of magic {unknown}
 z - a potion of agility {unknown}
 A - 2 potions of haste
Books
 b - a book of Changes

   Spells                             Type                      Level
   a - Beastly Appendage              Transmutation                1
   b - Sticks to Snakes               Transmutation                2
   c - Spider Form                    Transmutation/Poison         3
   d - Ice Form                       Ice/Transmutation            4
   e - Blade Hands                    Transmutation                5
Comestibles
 c - 2 bread rations
 f - 2 meat rations
 B - 3 fruits
 C - a beef jerky
 I - 4 chunks of flesh
 J - 2 royal jellies


   Skills:
 - Level 1.1 Fighting
 - Level 1.7 Dodging
 - Level 3.0 Unarmed Combat
 - Level 2.0 Spellcasting
 + Level 11.4 Transmutations


You had 2 spell levels left.
You knew the following spells:

 Your Spells              Type           Power        Failure   Level  Hunger
a - Beastly Appendage     Tmut           ######       4%          1    #......
b - Spider Form           Tmut/Pois      ####......   28%         3    ###....
c - Blade Hands           Tmut           ######....   28%         5    ######.


Dungeon Overview and Level Annotations

Branches:
Dungeon (7/15)             Temple (0/1) D:6

Altars:
Dithmenos
Fedhas
Makhleb
Ru
Yredelemnul


Innate Abilities, Weirdness & Mutations

((You can breathe wild blasts of lightning.))
((Your glossy black scales are hard. (AC +6)))
You cannot fit into any form of body armour.
((You are resistant to electric shocks. (rElec)))
((You are cold-blooded and may be slowed by cold attacks.))
Your mind is acute. (Int +2)
Your magical capacity is low. (-10% MP)
You regenerate slowly when monsters are visible.
Your spells are a little harder to cast, but a little more powerful.
You expend magic power (3 MP) to strengthen your wands.


Message History

The orc priest begins to cast a cantrip, but forgets the words!
The bullfrog hits you!
* * * LOW HITPOINT WARNING * * *
The crimson imp blinks!
The orc wizard mumbles some strange words.
The orc wizard blinks!
The bullfrog misses you.
The orc priest miscasts a cantrip.
The crimson imp blinks!
The bullfrog hits you.
* * * LOW HITPOINT WARNING * * *
Your transformation is almost over.
The bullfrog completely misses you. The bullfrog hits you.
* * * LOW HITPOINT WARNING * * *
The bullfrog hits you.
* * * LOW HITPOINT WARNING * * *
The bullfrog completely misses you.
It was a potion of haste.
You feel yourself speed up. The bullfrog hits you.
You die...

.##....#.................##
. ##......########........##
....>.. #..........# .###.
#..........# .. #>.........#
#.## .###>.........# .
###... ..............#
.##....# ###.#........##
....##.#########s#........##
.#...#.#........F..........#
.........#######...........#
...........#####o..........#
........##.....o...........#
.#?.....######.#...........#
.#......# ##.#..........##
.#......# #o.##.#......##
.......5#####5###.#.######


You could see a bullfrog, an orc priest and an orc.

Vanquished Creatures
  Grinder (D:4)
  A hippogriff (D:7)
  An ice beast (D:7)
  A sky beast (D:5)
  Purgy (D:4)
  A centaur (D:6)
  An ogre (D:5)
  Blork the orc (D:4)
  A bullfrog (D:6)
  2 scorpions
  A howler monkey (D:6)
  2 orc priests (D:3)
  2 hounds
  2 jellies
  4 orc wizards
  3 bullfrog skeletons
  6 worker ants
  A hound zombie (D:7)
  6 adders
  2 oozes (D:1)
  5 worms
  A dart slug (D:2)
  7 leopard geckos
  17 orcs
  9 bats
  5 giant cockroaches
  8 goblins
  8 hobgoblins
  A quokka (D:6)
  A ball python (D:3)
  8 frilled lizards
  A jackal skeleton (D:4)
  5 kobolds
  A quokka skeleton (D:5)
  5 rats
122 creatures vanquished.

Notes
Turn   | Place    | Note
-------+----------+-------------------------------------------
     0 | D:1      | pierduck the Draconian Transmuter began the quest for the Orb.
     0 | D:1      | Reached XP level 1. HP: 16/16 MP: 3/3
   525 | D:1      | Reached XP level 2. HP: 13/23 MP: 3/5
   822 | D:1      | Reached skill level 3 in Transmutations
  1367 | D:2      | Found a faded altar of an unknown god.
  1654 | D:2      | Reached XP level 3. HP: 28/28 MP: 6/6
  1663 | D:2      | Learned a level 3 spell: Spider Form
  2534 | D:2      | Reached skill level 4 in Transmutations
  2623 | D:2      | Found a faded altar of an unknown god.
  2623 | D:2      | Found a faded altar of an unknown god.
  2747 | D:2      | Found a faded altar of an unknown god.
  2749 | D:2      | Found a sacrificial altar of Ru.
  2750 | D:2      | Found a shadowy altar of Dithmenos.
  2757 | D:2      | Became a worshipper of Dithmenos the Shadowed
  3201 | D:2      | Reached XP level 4. HP: 35/35 MP: 7/7
  4040 | D:3      | Reached skill level 5 in Transmutations
  4056 | D:3      | Reached XP level 5. HP: 12/40 MP: 3/8
  4826 | D:3      | Reached * piety under Dithmenos
  4838 | D:3      | Reached skill level 6 in Transmutations
  5164 | D:4      | Noticed Blork the orc
  5175 | D:4      | Killed Blork the orc
  5175 | D:4      | Reached XP level 6. HP: 44/47 MP: 6/9
  5290 | D:4      | Learned a level 5 spell: Blade Hands
  5345 | D:4      | Reached skill level 7 in Transmutations
  5456 | D:4      | Noticed Purgy
  5484 | D:4      | Killed Purgy
  5714 | D:4      | Your scales start taking on a glossy black colour.
  5714 | D:4      | Reached XP level 7. HP: 52/52 MP: 10/10
  5714 | D:4      | Gained mutation: You are resistant to electric shocks. (rElec) [Black Draconian growth]
  5768 | D:4      | Found a blossoming altar of Fedhas.
  5769 | D:4      | Found a burning altar of Makhleb.
  5772 | D:4      | Found a basalt altar of Yredelemnul.
  5894 | D:4      | Noticed Grinder
  5906 | D:4      | Killed Grinder
  5906 | D:4      | Reached skill level 8 in Transmutations
  6314 | D:4      | Reached skill level 9 in Transmutations
  6337 | D:4      | Reached ** piety under Dithmenos
  6586 | D:5      | Entered Level 5 of the Dungeon
  7002 | D:5      | Reached XP level 8. HP: 46/59 MP: 5/11
  7006 | D:5      | Gained mutation: You expend magic power (3 MP) to strengthen your wands. [mutagenic meat]
  7007 | D:5      | Gained mutation: Your spells are a little harder to cast, but a little more powerful. [mutagenic meat]
  7008 | D:5      | Gained mutation: Your magical capacity is low. (-10% MP) [mutagenic meat]
  7009 | D:5      | Gained mutation: You regenerate slowly when monsters are visible. [mutagenic meat]
  7010 | D:5      | Gained mutation: Your mind is acute. (Int +2) [mutagenic meat]
  7404 | D:6      | Reached skill level 10 in Transmutations
  8167 | D:6      | Found a staircase to the Ecumenical Temple.
  8279 | D:7      | Noticed a hippogriff
  8284 | D:7      | Killed a hippogriff
  8284 | D:7      | Reached skill level 11 in Transmutations
  8469 | D:7      | HP: 1/59 [bullfrog (4)]
  8471 | D:7      | Slain by a bullfrog

Skill      XL: |  1  2  3  4  5  6  7  8 |
---------------+-------------------------+-----
Transmutations | 3 4 5 6 7 9 11 | 11.4
Fighting       | |  1.1
Dodging        | |  1.7
Unarmed Combat | |  3.0
Spellcasting   | |  2.0

Action                   |  1- 3 |  4- 6 |  7- 9 || total
-------------------------+-------+-------+-------++-------
Melee: Unarmed           |    81 |    71 |    61 ||   213
       Headbutt          |     4 |     2 |       ||     6
       Tailslap          |     8 |     7 |    20 ||    35
       Kick              |    13 |       |       ||    13
       Short sword       |    64 |    22 |       ||    86
       Dagger            |       |    88 |   134 ||   222
       Punch             |       |       |     2 ||     2
Throw: Tomahawk          |    12 |     3 |       ||    15
 Cast: Beastly Appendage |    14 |     3 |       ||    17
       Spider Form       |     3 |     7 |     4 ||    14
       Blade Hands       |       |       |     4 ||     4
  Use: Potion            |       |     1 |     2 ||     3
       Scroll            |       |       |     5 ||     5
 Stab: Sleeping          |       |       |     2 ||     2
  Eat: Bread ration      |     1 |       |       ||     1
       Chunk             |     4 |    10 |    13 ||    27
       Fruit             |       |       |     2 ||     2
Armor: Skin              |    44 |    46 |    28 ||   118
Dodge: Dodged            |    79 |   174 |   140 ||   393
